SA
LAREDO HAWKS @ MANCELONA TORCH
05/09/2042
 
TOP OF THE 1ST
Laredo Hawks batting - Pitching for Mancelona Torch : LHP Danny Byrd
Pitching: LHP Danny Byrd
Batting: RHB Victor Jensen 0-0: Foul Ball, location: 2F
0-1: Swinging Strike
0-2: Ball
1-2: Ball
2-2: Ball
3-2: Base on Balls
Batting: LHB Kalino Iolana 0-0: Called Strike
0-1: Ball
1-1: Swinging Strike
1-2: Fielders Choice at 2nd, 4-6 (Groundball, 34, EV 87.5 MPH)
Batting: RHB Woody Maxwell 0-0: Ball
1-0: Called Strike
1-1: Ball
2-1: Swinging Strike
2-2: Ground out 5-3 (Groundball, 56, EV 103.1 MPH)
Kalino Iolana to second
Batting: RHB Neung-uk Yi 0-0: Ball
1-0: Swinging Strike
1-1: Ball
2-1: Ball
3-1: Called Strike
3-2: Foul Ball, location: 2F
3-2: Base on Balls
Batting: LHB Scott Beavis 0-0: Called Strike
0-1: Reached on error, E4 (Groundball, 4, EV 85.6 MPH)
Kalino Iolana scores
Neung-uk Yi to third
Batting: RHB Steve Turner 0-0: Called Strike
0-1: Called Strike
0-2: Ball
1-2: Foul Ball, location: 2F
1-2: Strikes out looking
Top of the 1st over - 1 run, 0 hits, 1 error, 2 left on base; Laredo 1 - Mancelona 0
BOTTOM OF THE 1ST
Mancelona Torch batting - Pitching for Laredo Hawks : RHP Norm Wells
Pitching: RHP Norm Wells
Batting: RHB Paul Sykes 0-0: Called Strike
0-1: SINGLE (Line Drive, 7S, EV 93.8 MPH)
Batting: RHB Carlos Vélez 0-0: Ball
1-0: Called Strike
1-1: Ball
2-1: Ball
3-1: Grounds into double play, 6-4-3 (Groundball, 6, EV 76.2 MPH)
Batting: RHB Rubén Jusino 0-0: Called Strike
0-1: Ball
1-1: Foul Ball, location: 2F
1-2: Foul Ball, location: 2F
1-2: Strikes out swinging
Bottom of the 1st over - 0 runs, 1 hit, 0 errors, 0 left on base; Laredo 1 - Mancelona 0
TOP OF THE 2ND
Laredo Hawks batting - Pitching for Mancelona Torch : LHP Danny Byrd
Batting: RHB Lynn Medlen 0-0: Ball
1-0: Called Strike
1-1: Foul Ball, location: 2F
1-2: Ball
2-2: SINGLE (Groundball, 6MD, EV 96.9 MPH)
Batting: RHB Ángel Sánchez 0-0: Foul Ball, location: 2F
0-1: Grounds into double play, 6-4-3 (Groundball, 6M, EV 82.5 MPH)
Batting: LHB George McLean 0-0: Foul Ball, location: 2F
0-1: Ball
1-1: Ball
2-1: Ground out 4-3 (Groundball, 4, EV 83.8 MPH)
Top of the 2nd over - 0 runs, 1 hit, 0 errors, 0 left on base; Laredo 1 - Mancelona 0
BOTTOM OF THE 2ND
Mancelona Torch batting - Pitching for Laredo Hawks : RHP Norm Wells
Batting: LHB Diego Alejandro Ureńa 0-0: Ball
1-0: Called Strike
1-1: Foul Ball, location: 2F
1-2: SINGLE (Groundball, 6MD, EV 95.6 MPH)
Batting: RHB Joel Fagliano 0-0: Called Strike
0-1: Foul Ball, location: 2F
0-2: Ball
1-2: Ball
2-2: Ball
3-2: Strikes out swinging
Batting: RHB Wayne Haylock 0-0: Called Strike
0-1: Called Strike
0-2: Ball
1-2: Ball
2-2: Ball
3-2: Fielders Choice at 2nd, 6-4 (Groundball, 6, EV 103.1 MPH)
Batting: RHB Kuan Ru 0-0: Called Strike
0-1: Ball
1-1: Ball
2-1: Ball
3-1: TRIPLE (Flyball, 78XD, EV 93.8 MPH)
Wayne Haylock scores
Batting: RHB Glen Stockhill 0-0: Called Strike
0-1: Ball
1-1: Called Strike
1-2: Ball
2-2: Ball
3-2: Ground out 5-3 (Groundball, 56S, EV 91.2 MPH)
Bottom of the 2nd over - 1 run, 2 hits, 0 errors, 1 left on base; Laredo 1 - Mancelona 1
TOP OF THE 3RD
Laredo Hawks batting - Pitching for Mancelona Torch : LHP Danny Byrd
Batting: RHB Victor Jensen 0-0: Swinging Strike
0-1: Swinging Strike
0-2: Ball
1-2: Strikes out swinging
Batting: LHB Kalino Iolana 0-0: Called Strike
0-1: Foul Ball, location: 2F
0-2: Ball
1-2: Strikes out looking
Batting: RHB Woody Maxwell 0-0: Swinging Strike
0-1: Ball
1-1: Foul Ball, location: 2F
1-2: Strikes out swinging
Top of the 3rd over - 0 runs, 0 hits, 0 errors, 0 left on base; Laredo 1 - Mancelona 1
BOTTOM OF THE 3RD
Mancelona Torch batting - Pitching for Laredo Hawks : RHP Norm Wells
Batting: RHB Thiago Cicerón 0-0: Fly out, F9 (Flyball, 9D, EV 91.2 MPH)
Batting: RHB Paul Sykes 0-0: Ground out 1-3 (Groundball, 13S, EV 65.0 MPH)
Batting: RHB Carlos Vélez 0-0: Ball
1-0: Foul Ball, location: 2F
1-1: Swinging Strike
1-2: Ball
2-2: Foul Ball, location: 2F
2-2: Foul Ball, location: 2F
2-2: Ball
3-2: Strikes out looking
Bottom of the 3rd over - 0 runs, 0 hits, 0 errors, 0 left on base; Laredo 1 - Mancelona 1
TOP OF THE 4TH
Laredo Hawks batting - Pitching for Mancelona Torch : LHP Danny Byrd
Batting: RHB Neung-uk Yi 0-0: Called Strike
0-1: Swinging Strike
0-2: Strikes out swinging
Batting: LHB Scott Beavis 0-0: Ball
1-0: Ball
2-0: Called Strike
2-1: Ball
3-1: Base on Balls
Batting: RHB Steve Turner 0-0: Foul Ball, location: 2F
0-1: Called Strike
0-2: Foul Ball, location: 2F
0-2: Ball
1-2: Strikes out looking
Batting: RHB Lynn Medlen 0-0: Called Strike
0-1: Ball
1-1: DOUBLE (Flyball, 78D, EV 89.4 MPH)
Scott Beavis to third
Runner from 3rd tries for Home, SAFE, no throw by LF
Batting: RHB Ángel Sánchez 0-0: Ball
1-0: Fly out, F9 (Flyball, 9, EV 89.4 MPH)
Top of the 4th over - 1 run, 1 hit, 0 errors, 1 left on base; Laredo 2 - Mancelona 1
BOTTOM OF THE 4TH
Mancelona Torch batting - Pitching for Laredo Hawks : RHP Norm Wells
Batting: RHB Rubén Jusino 0-0: SINGLE (Line Drive, 7S, EV 99.4 MPH)
Batting: LHB Diego Alejandro Ureńa 0-0: SINGLE (Flyball, 56D, EV 91.9 MPH)
Rubén Jusino to second
Batting: RHB Joel Fagliano 0-0: Ball
1-0: Called Strike
1-1: Foul Ball, location: 2F
1-2: Foul Ball, location: 2F
1-2: Strikes out swinging
Batting: RHB Wayne Haylock 0-0: Called Strike
0-1: Ball
1-1: Ball
2-1: Called Strike
2-2: Grounds into double play, 6-4-3 (Groundball, 6, EV 85.6 MPH)
Bottom of the 4th over - 0 runs, 2 hits, 0 errors, 1 left on base; Laredo 2 - Mancelona 1
TOP OF THE 5TH
Laredo Hawks batting - Pitching for Mancelona Torch : LHP Danny Byrd
Batting: LHB George McLean 0-0: Swinging Strike
0-1: Ball
1-1: Ball
2-1: SINGLE (Groundball, 4D, EV 98.1 MPH)
Batting: RHB Victor Jensen Pickoff Throw to First - Out! 1-3
0-0: Ball
1-0: Foul Ball, location: 2F
1-1: Foul Ball, location: 2F
1-2: Ball
2-2: Ball
3-2: Fly out, F7 (Line Drive, 7D, EV 83.8 MPH)
Pitching: RHP Mun-wah Rao
Batting: LHB Kalino Iolana 0-0: Ball
1-0: Called Strike
1-1: Foul Ball, location: 2F
1-2: Fly out, F7 (Flyball, 7D, EV 87.5 MPH)
Top of the 5th over - 0 runs, 1 hit, 0 errors, 0 left on base; Laredo 2 - Mancelona 1
BOTTOM OF THE 5TH
Mancelona Torch batting - Pitching for Laredo Hawks : RHP Norm Wells
Batting: RHB Kuan Ru 0-0: Foul Ball, location: 2F
0-1: Called Strike
0-2: Strikes out looking
Batting: RHB Glen Stockhill 0-0: Ball
1-0: Ground out U3 (Groundball, 34S, EV 81.2 MPH)
Batting: RHB Thiago Cicerón 0-0: Ball
1-0: Ground out 4-3 (Groundball, 4, EV 88.8 MPH)
Bottom of the 5th over - 0 runs, 0 hits, 0 errors, 0 left on base; Laredo 2 - Mancelona 1
TOP OF THE 6TH
Laredo Hawks batting - Pitching for Mancelona Torch : RHP Mun-wah Rao
Batting: RHB Woody Maxwell 0-0: Ball
1-0: Ball
2-0: Ball
3-0: Base on Balls
Batting: RHB Neung-uk Yi 0-0: Ball
1-0: Foul Ball, location: 2F
1-1: Foul Ball, location: 2F
1-2: Foul Ball, location: 2F
1-2: Foul Ball, location: 2F
1-2: Ground out 6-3 (Groundball, 6MS, EV 74.4 MPH)
Woody Maxwell to second
Batting: LHB Scott Beavis 0-0: Intentional Walk
Batting: RHB Steve Turner 0-0: Called Strike
0-1: Swinging Strike
0-2: Strikes out swinging
Batting: RHB Lynn Medlen 0-0: Swinging Strike
0-1: Foul Ball, location: 2F
0-2: Ball
1-2: Ground out 5-3 (Groundball, 56S, EV 71.2 MPH)
Top of the 6th over - 0 runs, 0 hits, 0 errors, 2 left on base; Laredo 2 - Mancelona 1
BOTTOM OF THE 6TH
Mancelona Torch batting - Pitching for Laredo Hawks : RHP Norm Wells
Batting: RHB Paul Sykes 0-0: Ball
1-0: Ball
2-0: Foul Ball, location: 2F
2-1: Fly out, F9 (Line Drive, 9, EV 92.5 MPH)
Batting: RHB Carlos Vélez 0-0: Fly out, F8 (Flyball, 89S, EV 92.5 MPH)
Batting: RHB Rubén Jusino 0-0: Ball
1-0: Ball
2-0: Ball
3-0: Called Strike
3-1: Swinging Strike
3-2: Ground out 5-3 (Groundball, 56S, EV 80.0 MPH)
Bottom of the 6th over - 0 runs, 0 hits, 0 errors, 0 left on base; Laredo 2 - Mancelona 1
TOP OF THE 7TH
Laredo Hawks batting - Pitching for Mancelona Torch : RHP Mun-wah Rao
Batting: RHB Ángel Sánchez 0-0: Called Strike
0-1: Ball
1-1: Fly out, F9 (Flyball, 9LS, EV 93.1 MPH)
Batting: LHB George McLean 0-0: Ball
1-0: Called Strike
1-1: Ball
2-1: Foul Ball, location: 2F
2-2: Ball
3-2: SINGLE (Flyball, 9LS, EV 92.5 MPH)
Batting: RHB Victor Jensen 0-0: Called Strike
0-1: Ball
1-1: Ball
George McLean steals 2nd base
2-1: Foul Ball, location: 2F
2-2: Foul Ball, location: 2F
2-2: Ball
3-2: SINGLE (Groundball, 6D, EV 100.0 MPH)
George McLean to third
Runner from 3rd tries for Home, SAFE, throw by LF to home
Pitching: RHP Will Smiley
Batting: LHB Kalino Iolana 0-0: Ball
1-0: Reached on error, E4 (Groundball, 4, EV 105.0 MPH)
Victor Jensen to second
Batting: RHB Woody Maxwell 0-0: Called Strike
0-1: Called Strike
0-2: Ball
1-2: SINGLE (Groundball, 56D, EV 101.9 MPH)
Victor Jensen to third
Kalino Iolana to second
Batting: RHB Neung-uk Yi 0-0: Ball
1-0: Ball
2-0: Swinging Strike
2-1: Foul Ball, location: 2F
2-2: Ball
3-2: SINGLE (Groundball, 4, EV 83.1 MPH) (infield hit)
Victor Jensen scores
Kalino Iolana to third
Woody Maxwell to second
Batting: LHB Scott Beavis 0-0: Fly out, F7 (Line Drive, 7, EV 97.5 MPH)
Runner from 3rd tags up, SCORES, throw by LF
Batting: RHB Steve Turner 0-0: Foul Ball, location: 2F
0-1: Fly out, F7 (Line Drive, 7, EV 86.2 MPH)
Top of the 7th over - 3 runs, 4 hits, 1 error, 2 left on base; Laredo 5 - Mancelona 1
BOTTOM OF THE 7TH
Mancelona Torch batting - Pitching for Laredo Hawks : RHP Norm Wells
Batting: LHB Diego Alejandro Ureńa 0-0: Fly out, F9 (Line Drive, 9, EV 86.9 MPH)
Batting: RHB Joel Fagliano 0-0: Ball
1-0: Foul Ball, location: 2F
1-1: Ball
2-1: Fly out, F7 (Line Drive, 7, EV 95.0 MPH)
Batting: RHB Wayne Haylock 0-0: Called Strike
0-1: Fly out, F7 (Line Drive, 7, EV 90.6 MPH)
Bottom of the 7th over - 0 runs, 0 hits, 0 errors, 0 left on base; Laredo 5 - Mancelona 1
TOP OF THE 8TH
Laredo Hawks batting - Pitching for Mancelona Torch : RHP Will Smiley
Batting: RHB Lynn Medlen 0-0: Ball
1-0: Called Strike
1-1: Ground out 6-3 (Groundball, 6M, EV 86.9 MPH)
Batting: RHB Ángel Sánchez 0-0: Called Strike
0-1: Ball
1-1: Swinging Strike
1-2: Ball
2-2: Ball
3-2: Strikes out swinging
Batting: LHB George McLean 0-0: Ball
1-0: Called Strike
1-1: Ball
2-1: DOUBLE (Flyball, 8LXD, EV 87.5 MPH)
Batting: RHB Victor Jensen 0-0: Ball
1-0: Called Strike
1-1: SINGLE (Groundball, 4M, EV 89.4 MPH) (infield hit)
George McLean to third
Batting: LHB Kalino Iolana 0-0: Called Strike
0-1: Fly out, F6 (Flyball, 56D, EV 91.2 MPH)
Top of the 8th over - 0 runs, 2 hits, 0 errors, 2 left on base; Laredo 5 - Mancelona 1
BOTTOM OF THE 8TH
Mancelona Torch batting - Pitching for Laredo Hawks : RHP Norm Wells
Pitching: RHP Domingo Jones
Batting: RHB Kuan Ru 0-0: Called Strike
0-1: Ball
1-1: SINGLE (Groundball, 6, EV 104.4 MPH) (infield hit)
Batting: RHB Glen Stockhill 0-0: Called Strike
0-1: Foul Ball, location: 2F
0-2: Ball
1-2: Ball
2-2: Foul Ball, location: 2F
2-2: Ball
3-2: Foul Ball, location: 2F
3-2: Foul Ball, location: 2F
3-2: Foul Ball, location: 2F
3-2: Fielders Choice at 2nd, 6-4 (Groundball, 56, EV 108.1 MPH)
Batting: RHB Thiago Cicerón 0-0: Called Strike
0-1: Ball
1-1: Called Strike
1-2: Strikes out swinging
Batting: RHB Paul Sykes 0-0: Ball
1-0: Called Strike
1-1: Ball
2-1: Swinging Strike
2-2: Ball
3-2: Base on Balls
Glen Stockhill to second
Batting: RHB Carlos Vélez 0-0: Ball
1-0: Swinging Strike
1-1: Swinging Strike
1-2: Strikes out swinging
Bottom of the 8th over - 0 runs, 1 hit, 0 errors, 2 left on base; Laredo 5 - Mancelona 1
TOP OF THE 9TH
Laredo Hawks batting - Pitching for Mancelona Torch : RHP Will Smiley
Batting: RHB Woody Maxwell 0-0: Ball
1-0: Ball
2-0: Ball
3-0: Base on Balls
Batting: RHB Neung-uk Yi 0-0: Ball
1-0: Ball
2-0: Ball
3-0: Base on Balls
Woody Maxwell to second
Batting: LHB Scott Beavis 0-0: Ball
1-0: DOUBLE (Line Drive, 9LM, EV 101.9 MPH)
Woody Maxwell scores
Neung-uk Yi to third
Runner from 3rd tries for Home, SAFE, throw by RF to trailing runner, OUT at third! 9-4-5
Batting: RHB Steve Turner 0-0: Swinging Strike
0-1: DOUBLE (Line Drive, 9LS, EV 100.6 MPH)
Batting: RHB Lynn Medlen 0-0: Ball
1-0: SINGLE (Groundball, 4MD, EV 98.1 MPH)
Steve Turner to third
Runner from 3rd tries for Home, SAFE, no throw by CF
Batting: RHB Ángel Sánchez 0-0: Foul Ball, location: 2F
0-1: Called Strike
0-2: Strikes out swinging
Batting: LHB George McLean 0-0: Called Strike
0-1: Foul Ball, location: 2F
0-2: Foul Ball, location: 2F
0-2: SINGLE (Groundball, 34D, EV 94.4 MPH)
Lynn Medlen to second
Pinch Hitting: RHB Brian Dyball 0-0: Foul Ball, location: 2F
0-1: Fly out, F8 (Flyball, 8RD, EV 102.5 MPH)
Top of the 9th over - 3 runs, 4 hits, 0 errors, 2 left on base; Laredo 8 - Mancelona 1
BOTTOM OF THE 9TH
Mancelona Torch batting - Pitching for Laredo Hawks : RHP Domingo Jones
Now in RF: Brian Dyball
Batting: RHB Rubén Jusino 0-0: Ball
1-0: Ball
2-0: Ground out 5-3 (Groundball, 56S, EV 81.9 MPH)
Batting: LHB Diego Alejandro Ureńa 0-0: Called Strike
0-1: Ball
1-1: Ground out 1-3 (Groundball, 23, EV 90.0 MPH)
Pinch Hitting: LHB Matt Holman 0-0: Ball
1-0: Ball
2-0: Called Strike
2-1: Fly out, F8 (Flyball, 8LXD, EV 107.5 MPH)
Bottom of the 9th over - 0 runs, 0 hits, 0 errors, 0 left on base; Laredo 8 - Mancelona 1
Friday, March 26th, 2021 - OOTP Baseball 20.8 Build 74